 Dungeon Crawl Stone Soup version 0.18.1-50-g88ac8fd (webtiles) character file.

805 mopl the Sneak (level 7, 0/34 HPs)
             Began as a Vine Stalker Warper on Jan 1, 2017.
             Was a Follower of Pakellas.
             Slain by a sky beast (5 damage)
             ... on level 5 of the Dungeon.
             The game lasted 00:07:39 (3801 turns).

mopl the Sneak (Vine Stalker Warper)                Turns: 3801, Time: 00:07:40

Health: 0/34       AC:  5    Str: 13    XL:     7   Next: 91%
Magic:  0/11       EV: 12    Int: 13    God:    Pakellas [*.....]
Gold:   50         SH:  0    Dex: 18    Spells: 1 memorised, 9 levels left

rFire  + . .     SeeInvis .     D - +2 quarterstaff (chaos)
rCold  + . .     Gourm    +     F - +0 leather armour {rF+}
rNeg   . . .     Faith    .     (shield currently unavailable)
rPois  .         Spirit   +     (no helmet)
rElec  .         Dismiss  .     G - +0 cloak
rCorr  .         Reflect  .     E - +0 pair of gloves
SustAt .         Harm     .     (no boots)
MR     .....                    q - amulet of the gourmand (curse)
Stlth  ++++......               s - ring of protection from cold
                                z - ring of wizardry

@: not resistant to hostile enchantments, stealthy
A: fangs 2, agile 1, regeneration 2, magic shield, antimagic bite, no device
heal 3, rot immunity
a: Quick Charge, Renounce Religion


You were on level 5 of the Dungeon.
You worshipped Pakellas.
Pakellas was aware of your devotion.
You were completely stuffed.

You visited 2 branches of the dungeon, and saw 6 of its levels.

You collected 207 gold pieces.
You spent 157 gold pieces at shops.

Inventory:

Hand Weapons
 a - a +0 falchion
 y - a +2 whip of electrocution
 D - a +2 quarterstaff of chaos (weapon)
Missiles
 e - 5 tomahawks of dispersal (quivered)
 v - 10 poisoned needles
 x - 15 tomahawks
Armour
 E - a +0 pair of gloves (worn)
 F - a +0 leather armour of fire resistance (worn)
 G - a +0 cloak (worn)
Jewellery
 q - a cursed amulet of the gourmand (around neck)
 r - a +3 ring of strength
 s - a ring of protection from cold (right hand)
 z - a ring of wizardry (left hand)
Wands
 K - a wand of confusion (19/48)
Scrolls
 b - a scroll of noise {unknown}
 d - 2 scrolls of blinking
 g - a scroll of amnesia {unknown}
 h - a scroll of immolation {unknown}
 i - 3 scrolls of remove curse
 j - a scroll of fear {unknown}
 t - 3 scrolls of recharging {unknown}
 w - 2 scrolls of fog
 A - 3 scrolls of magic mapping
 I - 2 scrolls of teleportation
Potions
 k - a potion of flight {unknown}
 l - 2 potions of degeneration {unknown}
 n - a potion of brilliance {unknown}
 p - 3 potions of lignification {unknown}
 u - a potion of ambrosia
 C - a potion of curing
Books
 c - a book of Spatial Translocations

   Spells                             Type                      Level
   a - Apportation                    Translocation                1
   b - Blink                          Translocation                2
   c - Shroud of Golubria             Charms/Translocation         2
   d - Portal Projectile              Translocation                3
   e - Teleport Other                 Translocation                3
   f - Passage of Golubria            Translocation                4
Comestibles
 f - 5 bread rations
 m - a slice of pizza
 B - 3 meat rations
 L - 4 fruits


   Skills:
 - Level 1.7 Fighting
 * Level 5.6 Long Blades
 - Level 0.8 Throwing
 - Level 0.7 Armour
 - Level 1.5 Dodging
 * Level 7.2 Stealth
 - Level 2.1 Spellcasting
 - Level 3.0 Translocations
 + Level 1.9 Evocations


You had 9 spell levels left.
You knew the following spells:

 Your Spells              Type           Power        Failure   Level  Hunger
a - Apportation           Tloc           #.........   4%          1    ##.....


Dungeon Overview and Level Annotations

Branches:
Dungeon (5/15)             Temple (1/1) D:4

Altars:
Ashenzari
Dithmenos
Elyvilon
Fedhas
Kikubaaqudgha
Pakellas
Ru
Sif Muna
Yredelemnul
Zin

Shops:
D:5 ?


Innate Abilities, Weirdness & Mutations

You have extremely sharp teeth.
You heal very quickly.
When hurt, damage is shared between your health and your magic reserves.
Your bite disrupts and absorbs the magic of your enemies.
Potions and wands cannot restore your health.
You are immune to rotting.
You are agile. (Dex +2)


Message History

You hit the sky beast. You burn the sky beast. Your bite misses the sky beast.
The sky beast is severely wounded.
The sky beast flickers out of sight!
Deactivating autopickup; reactivate with Ctrl-A.
Something hits you but does no damage. Something hits you.
Something shocks you.
A sky beast appears from thin air!
Reactivating autopickup.
You closely miss the sky beast. Your bite misses the sky beast.
The sky beast is severely wounded.
The sky beast hits you. The sky beast shocks you.
* * * LOW HITPOINT WARNING * * *
You hit the sky beast. You burn the sky beast.
You bite the sky beast, but do no damage.
The sky beast is almost dead.
The sky beast hits you.
* * * LOW HITPOINT WARNING * * *
The sky beast shocks you.
You die...
Pakellas says: Time to start the next experiment...

#
#................#.#.#.#.#.#.#.
#.##########....#.#.#.#.#.#.#..
#.#........#....)#)#.#.#.#.#.#.
#.#........'....#(#.#.#.#.#.#.#
#.#........#...#.#.#.#.#.#.#.#.
#.#........#...+....#[#.#.#.#.#
#.#........#...#.....#.#.#.#.#.
#.#........#........#)#.#.#.#.#
#.'........#..@#.....#.#.#.#.#.
#§#........#.Y#.#.#.#)#.#.#.#.#
#.##########.#.#.#.#.#.#.#.#.#.
#..........§≈.#.#.#.#.#.#.#(#.#
#######...§.(###.#.########.###
##########...#### #.# #....⌠.⌠#
#.# #...>.∩.### #.#
#....⌠.⌠.<###.#


You could see a sky beast.

Vanquished Creatures
  An ogre (D:5)
  A howler monkey (D:5)
  2 crimson imps (D:5)
  A hound (D:5)
  Crazy Yiuf (D:4)
  5 orc priests
  4 orc wizards
  A giant frog skeleton (D:4)
  2 worker ants (D:5)
  A hound zombie (D:5)
  A howler monkey skeleton (D:4)
  A gnoll (D:1)
  6 adders
  2 shadow imps (D:5)
  2 oozes
  An adder skeleton (D:5)
  2 worms (D:2)
  3 dart slugs
  5 giant geckos
  19 orcs
  6 giant cockroaches
  A goblin (D:2)
  3 hobgoblins
  3 jackals (D:4)
  A quokka (D:5)
  3 bats
  5 giant newts
  4 kobolds
  8 rats
95 creatures vanquished.

Notes
Turn   | Place    | Note
--------------------------------------------------------------
     0 | D:1      | mopl the Vine Stalker Warper began the quest for the Orb.
     0 | D:1      | Reached XP level 1. HP: 11/11 MP: 4/4
    89 | D:1      | Reached skill level 2 in Long Blades
   177 | D:1      | Reached skill level 1 in Stealth
   323 | D:1      | Reached XP level 2. HP: 8/15 MP: 6/6
   336 | D:1      | Reached skill level 2 in Stealth
   568 | D:1      | Reached XP level 3. HP: 12/18 MP: 7/7
  1031 | D:2      | Reached skill level 3 in Long Blades
  1309 | D:2      | Reached XP level 4. HP: 12/23 MP: 2/8
  1375 | D:2      | HP: 1/23 [orc priest/whip (3)]
  1376 | D:2      | Reached skill level 3 in Stealth
  1500 | D:3      | Reached skill level 4 in Stealth
  1500 | D:3      | Reached XP level 5. HP: 24/26 MP: 9/9
  1611 | D:3      | Reached skill level 4 in Long Blades
  1640 | D:3      | Reached skill level 5 in Stealth
  1640 | D:3      | Gained mutation: You heal very quickly. [Vine Stalker growth]
  1640 | D:3      | Reached XP level 6. HP: 19/30 MP: 10/10
  2238 | D:4      | Found a shadowy altar of Dithmenos.
  2273 | D:4      | Found a basalt altar of Yredelemnul.
  2551 | D:4      | Found a staircase to the Ecumenical Temple.
  2569 | Temple   | Entered the Ecumenical Temple
  2678 | Temple   | Became a worshipper of Ashenzari the Shackled
  2700 | Temple   | Fell from the grace of Ashenzari
  2700 | Temple   | Became a worshipper of Pakellas the Inventive
  2845 | D:4      | Noticed Crazy Yiuf
  2852 | D:4      | Killed Crazy Yiuf
  2917 | D:5      | Entered Level 5 of the Dungeon
  3182 | D:5      | Reached skill level 6 in Stealth
  3182 | D:5      | Reached XP level 7. HP: 32/34 MP: 8/11
  3217 | D:5      | Reached skill level 5 in Long Blades
  3217 | D:5      | Reached skill level 1 in Evocations
  3218 | D:5      | Found a sacrificial altar of Ru.
  3331 | D:5      | Found Sicec's Magic Scroll Shop.
  3400 | D:5      | Reached skill level 7 in Stealth
  3405 | D:5      | Reached * piety under Pakellas
  3405 | D:5      | Received a gift from Pakellas
  3491 | D:5      | Bought a scroll of magic mapping for 52 gold pieces
  3491 | D:5      | Bought a scroll of identify for 30 gold pieces
  3491 | D:5      | Bought a scroll of fog for 30 gold pieces
  3491 | D:5      | Bought a scroll of teleportation for 45 gold pieces
  3551 | D:5      | Was forgiven by Ashenzari
  3558 | D:5      | Gained mutation: You are agile. (Dex +2) [potion of beneficial mutation]
  3801 | D:5      | Slain by a sky beast

Skill      XL: |  1  2  3  4  5  6  7 |
---------------+----------------------+-----
Long Blades    | 2 3 4 5 |  5.6
Stealth        | 1 2 4 5 6 7 |  7.2
Evocations     | 1 |  1.9
Fighting       | |  1.7
Throwing       | |  0.8
Armour         | |  0.7
Dodging        | |  1.5
Spellcasting   | |  2.1
Translocations | |  3.0

Action                   |  1- 3 |  4- 6 |  7- 9 || total
-------------------------+-------+-------+-------++-------
Melee: Falchion          |   126 |    17 |       ||   143
       Bite              |    26 |    38 |    27 ||    91
       Whip              |       |   104 |    97 ||   201
       Quarterstaff      |       |       |     4 ||     4
  Use: Scroll            |       |       |     3 ||     3
       Potion            |       |       |     1 ||     1
 Stab: Sleeping          |     4 |     3 |       ||     7
       Distracted        |       |     1 |       ||     1
  Eat: Chunk             |     8 |     8 |     2 ||    18
Armor: Leather armour    |    27 |    23 |    29 ||    79
Dodge: Dodged            |    81 |    59 |    61 ||   201
